| TOP OF THE 1ST |
|
Northwest Arkansas Naturals batting - Pitching for Montgomery Biscuits : RHP Eric Smith
|
|
Pitching: RHP Eric Smith
|
|
|
Batting: RHB Danny Weisse
|
0-0: Ball 1-0: Swinging Strike 1-1: Swinging Strike 1-2: Strikes out looking
|
|
Batting: RHB Yi-lin Niu
|
0-0: Ground out 5-3 (Groundball, 5S, EV 67.5 MPH)
|
|
Batting: RHB Kevin Roseen
|
0-0: Foul Ball, location: 2F 0-1: Called Strike 0-2: Strikes out looking
|
| Top of the 1st over - 0 runs, 0 hits, 0 errors, 0 left on base; Northwest Arkansas 0 - Montgomery 0 |
| BOTTOM OF THE 1ST |
|
Montgomery Biscuits batting - Pitching for Northwest Arkansas Naturals : LHP Joel Page
|
|
Pitching: LHP Joel Page
|
|
|
Batting: LHB Bill McGregor
|
0-0: Ball 1-0: Foul Ball, location: 2F 1-1: Swinging Strike 1-2: Ball 2-2: Ball 3-2: Strikes out swinging
|
|
Batting: RHB Jonathan Fraire
|
0-0: Ball 1-0: Swinging Strike 1-1: Foul Ball, location: 2F 1-2: Ball 2-2: Ball 3-2: Foul Ball, location: 2F 3-2: Fly out, F7 (Flyball, 7S, EV 84.4 MPH)
|
|
Batting: SHB Wayne Hattan
|
0-0: Ball 1-0: Called Strike 1-1: Foul Ball, location: 2F 1-2: Fly out, F7 (Flyball, 78D, EV 100.0 MPH)
|
| Bottom of the 1st over - 0 runs, 0 hits, 0 errors, 0 left on base; Northwest Arkansas 0 - Montgomery 0 |
| TOP OF THE 2ND |
|
Northwest Arkansas Naturals batting - Pitching for Montgomery Biscuits : RHP Eric Smith
|
|
Batting: RHB Alex Cid
|
0-0: Called Strike 0-1: Foul Ball, location: 2F 0-2: Ball 1-2: Strikes out swinging
|
|
Batting: SHB Jason Anaya
|
0-0: Swinging Strike 0-1: Called Strike 0-2: Strikes out swinging
|
|
Batting: LHB Josh Moore
|
0-0: Ball 1-0: Ball 2-0: Ball 3-0: Called Strike 3-1: Called Strike 3-2: Strikes out looking
|
| Top of the 2nd over - 0 runs, 0 hits, 0 errors, 0 left on base; Northwest Arkansas 0 - Montgomery 0 |
| BOTTOM OF THE 2ND |
|
Montgomery Biscuits batting - Pitching for Northwest Arkansas Naturals : LHP Joel Page
|
|
Batting: SHB Lou Kroneman
|
0-0: Swinging Strike 0-1: Ball 1-1: Called Strike 1-2: Ball 2-2: Strikes out swinging
|
|
Batting: RHB Freddy Mullen
|
0-0: Ball 1-0: Called Strike 1-1: Called Strike 1-2: Ball 2-2: SINGLE (Groundball, 3D, EV 94.4 MPH)
|
|
Pitching: RHP Matt Slater
|
|
|
Batting: LHB Mark Marvin
|
0-0: Ball 1-0: Foul Ball, location: 2F 1-1: Reached on error, E7 (Flyball, 7LM, EV 93.8 MPH) Freddy Mullen to third
|
|
Batting: SHB Julio Hernandez
|
0-0: Ball 1-0: Ball 2-0: Ball 3-0: Base on Balls
|
|
Batting: RHB Mark Richert
|
0-0: Swinging Strike 0-1: Foul Ball, location: 2F 0-2: Strikes out swinging
|
|
Batting: RHB Kunizo Yanagisawa
|
0-0: Called Strike 0-1: SINGLE (Groundball, 56, EV 106.9 MPH) (infield hit) Freddy Mullen scores Mark Marvin to third Julio Hernandez to second
|
|
Batting: LHB Bill McGregor
|
0-0: Ball 1-0: Fly out, F9 (Flyball, 89D, EV 98.1 MPH)
|
| Bottom of the 2nd over - 1 run, 2 hits, 1 error, 3 left on base; Northwest Arkansas 0 - Montgomery 1 |
| TOP OF THE 3RD |
|
Northwest Arkansas Naturals batting - Pitching for Montgomery Biscuits : RHP Eric Smith
|
|
Batting: RHB Kevin Allen
|
0-0: Called Strike 0-1: Foul Ball, location: 2F 0-2: Strikes out swinging
|
|
Batting: RHB Ben Minge
|
0-0: Ball 1-0: Swinging Strike 1-1: Foul Ball, location: 2F 1-2: Strikes out swinging
|
|
Batting: RHB Matthew Orphan
|
0-0: Foul Ball, location: 2F 0-1: Foul Ball, location: 2F 0-2: Strikes out swinging
|
| Top of the 3rd over - 0 runs, 0 hits, 0 errors, 0 left on base; Northwest Arkansas 0 - Montgomery 1 |
| BOTTOM OF THE 3RD |
|
Montgomery Biscuits batting - Pitching for Northwest Arkansas Naturals : RHP Matt Slater
|
|
Batting: RHB Jonathan Fraire
|
0-0: Ball 1-0: Called Strike 1-1: Called Strike 1-2: Foul Ball, location: 2F 1-2: Ball 2-2: DOUBLE (Groundball, 5L, EV 103.8 MPH)
|
|
Pitching: LHP Jake Warwick
|
|
|
Batting: SHB Wayne Hattan
|
0-0: Ball 1-0: Ground out 1-3 (Groundball, P, EV 63.1 MPH) Jonathan Fraire to third
|
|
Batting: SHB Lou Kroneman
|
0-0: Called Strike 0-1: Ball 1-1: Ball 2-1: Called Strike 2-2: Ball 3-2: Foul Ball, location: 2F 3-2: Base on Balls
|
|
Batting: RHB Freddy Mullen
|
0-0: Ball 1-0: Swinging Strike 1-1: Ball 2-1: Ball 3-1: Base on Balls Lou Kroneman to second
|
|
Batting: LHB Mark Marvin
|
0-0: Called Strike 0-1: Ball 1-1: Ball 2-1: Ball 3-1: Foul Ball, location: 2F 3-2: Foul Ball, location: 2F 3-2: Base on Balls Jonathan Fraire scores Lou Kroneman to third Freddy Mullen to second
|
|
Pitching: RHP Matt Voulgaris
|
|
|
Batting: SHB Julio Hernandez
|
0-0: Called Strike 0-1: Reached on error, E3 (Groundball, 3, EV 87.5 MPH) Lou Kroneman scores Freddy Mullen to third Mark Marvin to second
|
|
Batting: RHB Mark Richert
|
0-0: Fly out, F9 (Line Drive, 9, EV 103.8 MPH)
|
|
Batting: RHB Kunizo Yanagisawa
|
0-0: Called Strike 0-1: Fly out, F7 (Flyball, 7S, EV 89.4 MPH)
|
| Bottom of the 3rd over - 2 runs, 1 hit, 1 error, 3 left on base; Northwest Arkansas 0 - Montgomery 3 |
| TOP OF THE 4TH |
|
Northwest Arkansas Naturals batting - Pitching for Montgomery Biscuits : RHP Eric Smith
|
|
Batting: RHB Danny Weisse
|
0-0: Ball 1-0: Called Strike 1-1: Ball 2-1: Fly out, F8 (Flyball, 8LD, EV 104.4 MPH)
|
|
Batting: RHB Yi-lin Niu
|
0-0: Foul Ball, location: 2F 0-1: Hit by Pitch
|
|
Batting: RHB Kevin Roseen
|
0-0: Ball 1-0: Called Strike 1-1: Ball 2-1: Foul Ball, location: 2F 2-2: Strikes out swinging
|
|
Batting: RHB Alex Cid
|
0-0: Foul Ball, location: 2F 0-1: Ball 1-1: Ball 2-1: Ball 3-1: Fly out, F6 (Popup, 6MD, EV 41.2 MPH)
|
| Top of the 4th over - 0 runs, 0 hits, 0 errors, 1 left on base; Northwest Arkansas 0 - Montgomery 3 |
| BOTTOM OF THE 4TH |
|
Montgomery Biscuits batting - Pitching for Northwest Arkansas Naturals : RHP Matt Voulgaris
|
|
Batting: LHB Bill McGregor
|
0-0: Ball 1-0: Called Strike 1-1: Called Strike 1-2: Ball 2-2: Foul Ball, location: 2F 2-2: Ball 3-2: Strikes out looking
|
|
Batting: RHB Jonathan Fraire
|
0-0: Ball 1-0: Called Strike 1-1: Foul Ball, location: 2F 1-2: Ball 2-2: Foul Ball, location: 2F 2-2: Ball 3-2: Foul Ball, location: 2F 3-2: Base on Balls
|
|
Pitching: RHP Tim Tucker
|
|
|
Batting: SHB Wayne Hattan
|
0-0: Ball Jonathan Fraire steals 2nd base 1-0: Ball 2-0: DOUBLE (Flyball, 89D, EV 112.5 MPH) Jonathan Fraire scores
|
|
Batting: SHB Lou Kroneman
|
0-0: Ball 1-0: Foul Ball, location: 2F 1-1: Swinging Strike 1-2: Strikes out swinging
|
|
Batting: RHB Freddy Mullen
|
0-0: Ground out 4-3 (Groundball, 4S, EV 72.5 MPH)
|
| Bottom of the 4th over - 1 run, 1 hit, 0 errors, 1 left on base; Northwest Arkansas 0 - Montgomery 4 |
| TOP OF THE 5TH |
|
Northwest Arkansas Naturals batting - Pitching for Montgomery Biscuits : RHP Eric Smith
|
|
Batting: SHB Jason Anaya
|
0-0: Ball 1-0: Swinging Strike 1-1: Called Strike 1-2: Strikes out swinging
|
|
Batting: LHB Josh Moore
|
0-0: Ball 1-0: Called Strike 1-1: Swinging Strike 1-2: Strikes out looking
|
|
Batting: RHB Kevin Allen
|
0-0: Foul Ball, location: 2F 0-1: Ball 1-1: Ball 2-1: Foul Ball, location: 2F 2-2: Strikes out looking
|
| Top of the 5th over - 0 runs, 0 hits, 0 errors, 0 left on base; Northwest Arkansas 0 - Montgomery 4 |
| BOTTOM OF THE 5TH |
|
Montgomery Biscuits batting - Pitching for Northwest Arkansas Naturals : RHP Tim Tucker
|
|
Batting: LHB Mark Marvin
|
0-0: Ball 1-0: Ball 2-0: Called Strike 2-1: Called Strike 2-2: SINGLE (Line Drive, 6D, EV 105.0 MPH)
|
|
Batting: SHB Julio Hernandez
|
0-0: Ball 1-0: Called Strike 1-1: Swinging Strike 1-2: Fielders Choice at 2nd, 4-6 (Groundball, 4M, EV 81.2 MPH)
|
|
Batting: RHB Mark Richert
|
0-0: Called Strike 0-1: Called Strike 0-2: Ball Julio Hernandez is caught stealing 2nd base 2-4 1-2: Foul Ball, location: 2F 1-2: Strikes out looking
|
| Bottom of the 5th over - 0 runs, 1 hit, 0 errors, 0 left on base; Northwest Arkansas 0 - Montgomery 4 |
| TOP OF THE 6TH |
|
Northwest Arkansas Naturals batting - Pitching for Montgomery Biscuits : RHP Eric Smith
|
|
Batting: RHB Ben Minge
|
0-0: Ball 1-0: Ball 2-0: Called Strike 2-1: Called Strike 2-2: Foul Ball, location: 2F 2-2: Fly out, F8 (Flyball, 8RM, EV 81.2 MPH)
|
|
Batting: RHB Matthew Orphan
|
0-0: Foul Ball, location: 2F 0-1: Foul Ball, location: 2F 0-2: Ball 1-2: Ball 2-2: Strikes out swinging
|
|
Batting: RHB Danny Weisse
|
0-0: Ball 1-0: Called Strike 1-1: Ball 2-1: Foul Ball, location: 2F 2-2: Strikes out looking
|
| Top of the 6th over - 0 runs, 0 hits, 0 errors, 0 left on base; Northwest Arkansas 0 - Montgomery 4 |
| BOTTOM OF THE 6TH |
|
Montgomery Biscuits batting - Pitching for Northwest Arkansas Naturals : RHP Tim Tucker
|
|
Pitching: RHP Philip Terrell
|
|
|
Batting: RHB Kunizo Yanagisawa
|
0-0: Swinging Strike 0-1: Called Strike 0-2: Ball 1-2: Ball 2-2: Ball 3-2: Foul Ball, location: 2F 3-2: Fly out, F9 (Flyball, 9LSF, EV 81.9 MPH)
|
|
Batting: LHB Bill McGregor
|
0-0: Called Strike 0-1: Called Strike 0-2: Foul Ball, location: 2F 0-2: Ball 1-2: Ground out U3 (Groundball, 3, EV 83.1 MPH)
|
|
Batting: RHB Jonathan Fraire
|
0-0: Swinging Strike 0-1: Swinging Strike 0-2: Ball 1-2: Strikes out looking
|
| Bottom of the 6th over - 0 runs, 0 hits, 0 errors, 0 left on base; Northwest Arkansas 0 - Montgomery 4 |
| TOP OF THE 7TH |
|
Northwest Arkansas Naturals batting - Pitching for Montgomery Biscuits : RHP Eric Smith
|
|
Pitching: RHP Luis Cubero
|
|
|
Batting: RHB Yi-lin Niu
|
0-0: Called Strike 0-1: Foul Ball, location: 2F 0-2: Strikes out looking
|
|
Batting: RHB Kevin Roseen
|
0-0: Ball 1-0: Ball 2-0: Fly out, F3 (Popup, 3F, EV 81.9 MPH)
|
|
Batting: RHB Alex Cid
|
0-0: Ball 1-0: Called Strike 1-1: Foul Ball, location: 2F 1-2: Ball 2-2: Foul Ball, location: 2F 2-2: Ball 3-2: Strikes out swinging
|
| Top of the 7th over - 0 runs, 0 hits, 0 errors, 0 left on base; Northwest Arkansas 0 - Montgomery 4 |
| BOTTOM OF THE 7TH |
|
Montgomery Biscuits batting - Pitching for Northwest Arkansas Naturals : RHP Philip Terrell
|
|
Pitching: RHP Joe Adelmann
|
|
|
Batting: SHB Wayne Hattan
|
0-0: Foul Ball, location: 2F 0-1: Called Strike 0-2: SINGLE (Groundball, 4M, EV 96.9 MPH)
|
|
Batting: SHB Lou Kroneman
|
0-0: Ball 1-0: Foul Ball, location: 2F 1-1: Foul Ball, location: 2F 1-2: SINGLE (Groundball, 34D, EV 106.9 MPH) Wayne Hattan to second Runner from 2nd tries for 3rd, SAFE, no throw by RF
|
|
Batting: RHB Freddy Mullen
|
0-0: Ball Wild Pitch! Wayne Hattan scores Lou Kroneman to second 1-0: SINGLE (Groundball, 56D, EV 102.5 MPH) Lou Kroneman to third
|
|
Batting: LHB Mark Marvin
|
0-0: Ball 1-0: Ball 2-0: Ball 3-0: Called Strike 3-1: Called Strike 3-2: Base on Balls Freddy Mullen to second
|
|
Batting: SHB Julio Hernandez
|
0-0: Ball 1-0: Foul Ball, location: 2F 1-1: Foul Ball, location: 2F 1-2: Fly out, F7 (Flyball, 7D, EV 98.8 MPH) Runner from 3rd tags up, SCORES, no throw by LF
|
|
Pitching: RHP Vinny Reveles
|
|
|
Batting: RHB Mark Richert
|
0-0: Ball 1-0: Ball 2-0: SINGLE (Groundball, 56D, EV 100.6 MPH) Freddy Mullen to third Mark Marvin to second Runner from 3rd tries for Home, SAFE, throw by LF to home Mark Marvin to third Mark Richert to second
|
|
Batting: RHB Kunizo Yanagisawa
|
0-0: DOUBLE (Line Drive, 5D, EV 97.5 MPH) Mark Marvin scores Mark Richert scores
|
|
Batting: LHB Bill McGregor
|
0-0: Swinging Strike 0-1: Foul Ball, location: 2F 0-2: Foul Ball, location: 2F 0-2: Ball 1-2: Ground out 6-3 (Groundball, 6, EV 80.0 MPH) Kunizo Yanagisawa to third
|
|
Pinch Hitting: LHB Dan Hunt
|
0-0: Ball 1-0: Ball 2-0: Ball 3-0: Called Strike 3-1: Swinging Strike 3-2: Base on Balls
|
|
Batting: SHB Wayne Hattan
|
0-0: Called Strike 0-1: Fly out, F8 (Flyball, 8RD, EV 103.8 MPH)
|
| Bottom of the 7th over - 5 runs, 5 hits, 0 errors, 2 left on base; Northwest Arkansas 0 - Montgomery 9 |
| TOP OF THE 8TH |
|
Northwest Arkansas Naturals batting - Pitching for Montgomery Biscuits : RHP Luis Cubero
|
|
Now in CF: Bill McGregor
|
|
|
Now in RF: Dan Hunt
|
|
|
Batting: SHB Jason Anaya
|
0-0: Called Strike 0-1: Called Strike 0-2: Strikes out swinging
|
|
Batting: LHB Josh Moore
|
0-0: Ball 1-0: Ball 2-0: Ball 3-0: Base on Balls
|
|
Batting: RHB Kevin Allen
|
0-0: Ball 1-0: Swinging Strike 1-1: Ball 2-1: Swinging Strike 2-2: Foul Ball, location: 2F 2-2: Foul Ball, location: 2F 2-2: Strikes out swinging
|
|
Batting: RHB Ben Minge
|
0-0: Called Strike 0-1: Foul Ball, location: 2F 0-2: Ball 1-2: Foul Ball, location: 2F 1-2: Ball 2-2: Foul Ball, location: 2F 2-2: SINGLE (Line Drive, 8RS, EV 110.6 MPH) Josh Moore to second
|
|
Batting: RHB Matthew Orphan
|
0-0: Ball 1-0: Swinging Strike 1-1: Swinging Strike 1-2: Strikes out swinging
|
| Top of the 8th over - 0 runs, 1 hit, 0 errors, 2 left on base; Northwest Arkansas 0 - Montgomery 9 |
| BOTTOM OF THE 8TH |
|
Montgomery Biscuits batting - Pitching for Northwest Arkansas Naturals : RHP Vinny Reveles
|
|
Pinch Hitting: RHB Chris Glavin
|
0-0: Ball 1-0: Foul Ball, location: 2F 1-1: Ball 2-1: Ball 3-1: Base on Balls
|
|
Batting: RHB Freddy Mullen
|
0-0: Ball 1-0: Ball 2-0: Ball 3-0: Base on Balls Chris Glavin to second
|
|
Batting: LHB Mark Marvin
|
0-0: Ball 1-0: Ball 2-0: Called Strike 2-1: Foul Ball, location: 2F 2-2: Ball 3-2: Foul Ball, location: 2F 3-2: Base on Balls Chris Glavin to third Freddy Mullen to second
|
|
Batting: SHB Julio Hernandez
|
0-0: Called Strike 0-1: Ball 1-1: Foul Ball, location: 2F 1-2: SINGLE (Line Drive, 7S, EV 93.1 MPH) Chris Glavin scores Freddy Mullen to third Mark Marvin to second
|
|
Batting: RHB Mark Richert
|
0-0: Called Strike 0-1: Fly out, F8 (Flyball, 89M, EV 83.8 MPH)
|
|
Batting: RHB Kunizo Yanagisawa
|
0-0: Ball 1-0: Grounds into double play, 5-4-3 (Groundball, 5, EV 103.8 MPH)
|
| Bottom of the 8th over - 1 run, 1 hit, 0 errors, 2 left on base; Northwest Arkansas 0 - Montgomery 10 |
| TOP OF THE 9TH |
|
Northwest Arkansas Naturals batting - Pitching for Montgomery Biscuits : RHP Luis Cubero
|
|
Now at 3B: Chris Glavin
|
|
|
Batting: RHB Danny Weisse
|
0-0: Foul Ball, location: 2F 0-1: Ground out 4-3 (Groundball, 4M, EV 106.2 MPH)
|
|
Batting: RHB Yi-lin Niu
|
0-0: Ball 1-0: Called Strike 1-1: Called Strike 1-2: Ball 2-2: Strikes out swinging
|
|
Batting: RHB Kevin Roseen
|
0-0: Foul Ball, location: 2F 0-1: Ball 1-1: Foul Ball, location: 2F 1-2: Ground out 3-1 (Groundball, 34, EV 86.2 MPH)
|
| Top of the 9th over - 0 runs, 0 hits, 0 errors, 0 left on base; Northwest Arkansas 0 - Montgomery 10 |
|